Map: Ruines de Seras

Players

Plutonun - Winner!

  • Race: Protoss Protoss
  • League: Silver

RedSlayer

  • Race: Terran Terran
  • League: Silver

VOD

Have the link to the VOD?

Description

Time

  • Played on: Nov. 11, 2015, 3:36 p.m.
  • Length: 17:46
Show
View Real Time Build Order
Export as new Build Order

Plutonun Protoss - Winner!

Build Orders: Oracle Opening 

Get SALT Encoding   

  12  0:01  Probe (Chrono Boost)  
  13  0:12  Probe (Chrono Boost)  
  14  0:19  Pylon  
  14  0:22  Probe (Chrono Boost)  
  15  0:37  Probe (Chrono Boost)  
  16  0:44  Gateway  
  16  0:47  Probe (Chrono Boost)  
  17  0:52  Assimilator  
  17  0:57  Assimilator  
  17  0:58  Probe (Chrono Boost)  
  18  1:08  Probe (Chrono Boost)  
  19  1:12  Pylon  
  19  1:19  Probe (Chrono Boost)  
  20  1:29  Probe (Chrono Boost)  
  20  1:31  Cybernetics Core  
  21  1:40  Probe (Chrono Boost)  
  22  1:51  Probe (Chrono Boost)  
  24  2:01  Probe (Chrono Boost)  
  24  2:13  Stargate  
  25  2:16  Stalker (Chrono Boost)  
  25  2:21  Warp Gate (Chrono Boost)  
  26  2:25  Mothership Core (Chrono Boost)  
  27  2:45  Probe  
  28  2:53  Nexus  
  28  3:02  Pylon  
  28  3:03  Oracle (Chrono Boost)  
  31  3:14  Pylon  
  31  3:20  Probe  
  31  3:25  Stalker (Chrono Boost)  
  34  3:37  Gateway  
  34  3:39  Gateway  
  34  3:45  Pylon  
  34  3:52  Probe  
  35  4:04  Probe  
  35  4:05  Probe  
  37  4:15  Probe  
  37  4:16  Probe  
  39  4:26  Probe  
  39  4:28  Probe  
  41  4:40  Probe  
  41  4:43  Probe  
  43  4:48  Sentry  
  43  4:51  Probe  
  46  4:54  Sentry  
  46  4:55  Sentry  
  46  4:56  Probe (Chrono Boost)  
  51  5:02  Probe (Chrono Boost)  
  51  5:03  Pylon  
  52  5:08  Robotics Facility  
  52  5:09  Probe (Chrono Boost)  
  52  5:14  Probe (Chrono Boost)  
  54  5:19  Probe (Chrono Boost)  
  55  5:49  Probe (Chrono Boost)  
  56  5:50  Stalker x3  
  56  5:52  Probe (Chrono Boost)  
  56  5:56  Assimilator  
  63  5:59  Probe (Chrono Boost), Observer (Chrono Boost)  
  63  6:00  Assimilator  
  63  6:02  Probe  
  66  6:06  Twilight Council  
  66  6:11  Gateway  
  66  6:14  Pylon  
  66  6:30  Zealot x3  
  72  6:35  Pylon  
  72  6:38  Probe  
  72  6:39  Immortal (Chrono Boost)  
  73  6:40  Gateway  
  77  6:47  Blink (Chrono Boost)  
  77  6:59  Forge  
  77  7:02  Pylon  
  77  7:12  Immortal  
  77  7:14  Probe  
  78  7:19  Stalker  
  78  7:20  Stalker x3  
  90  7:26  Probe  
  91  7:35  Gateway  
  91  7:36  Photon Cannon  
  91  7:37  Pylon  
  91  7:38  Protoss Ground Weapons Level 1 (Chrono Boost), Photon Cannon  
  91  7:41  Photon Cannon  
  91  7:44  Photon Cannon  
  91  7:47  Pylon, Photon Cannon  
  91  7:49  Stalker x2  
  91  7:50  Stalker x2  
  99  7:53  Stalker  
  99  7:57  Observer  
  102  8:10  Probe  
  103  8:13  Warp Prism  
  105  8:29  Gateway, Probe  
  105  8:31  Gateway  
  106  8:34  Charge (Chrono Boost), Photon Cannon  
  106  8:36  Photon Cannon  
  106  8:41  Nexus  
  106  8:42  Pylon  
  106  9:03  Probe  
  106  9:05  Probe  
  108  9:13  Photon Cannon  
  108  9:15  Probe, Photon Cannon  
  108  9:17  Zealot x3, Pylon, Probe  
  112  9:19  Assimilator  
  112  9:23  Assimilator  
  116  9:28  Templar Archives  
  116  9:32  Pylon  
  116  9:35  Stalker  
  116  9:36  Stalker  
  120  9:39  Probe  
  120  9:40  Probe  
  122  9:50  Gateway  
  122  9:51  Gateway, Probe x2  
  122  9:52  Probe  
  124  9:54  Psionic Storm  
  125  10:03  Probe  
  126  10:26  High Templar x3  
  126  10:27  High Templar x3  
  138  10:33  Protoss Ground Weapons Level 2 (Chrono Boost)  
  138  10:44  Gateway  
  138  10:45  High Templar x2  
  138  10:47  Pylon  
  142  11:18  Zealot x5  
  148  11:19  Zealot x3  
  148  11:24  Probe  
  163  11:32  Immortal  
  163  11:35  Probe  
  164  11:41  Pylon  
  164  11:43  Pylon  
  164  11:44  Void Ray  
  164  11:46  Pylon  
  154  11:48  Pylon  
  154  12:27  Stalker x2  
  154  12:28  High Templar x4  
  154  12:29  High Templar x2  
  170  12:30  High Templar x2  
  170  12:33  Archon x3  
  170  12:34  Archon  
  174  12:49  Protoss Ground Weapons Level 3 (Chrono Boost)  
  174  13:00  Nexus  
  174  13:19  Stalker x5  
  184  13:20  Stalker x4  
  184  13:21  Stalker x2  
  184  13:26  Pylon  
  196  13:29  Pylon  
  196  13:30  Pylon  
  166  14:05  Stalker x3  
  166  14:06  Stalker x4  
  166  14:07  Stalker x4  
  182  14:33  Probe  
  182  14:36  Photon Cannon  
  183  14:38  Photon Cannon  
  183  14:40  Photon Cannon  
  183  14:42  Photon Cannon  
  183  14:45  Assimilator  
  183  14:49  Assimilator  
  183  14:55  Gateway  
  183  14:56  High Templar  
  183  14:57  High Templar x3  
  183  14:58  High Templar x3  
  197  15:00  Gateway, Zealot  
  197  15:03  Archon x2  
  197  15:04  Archon  
  197  15:05  Gateway  
  199  15:20  Observer  
  200  15:47  Nexus  
  200  15:50  Pylon x2  
  200  15:53  Pylon  
  200  15:55  Pylon  
  200  15:59  Pylon  
  200  16:02  Pylon  
  200  16:13  Photon Cannon  
  200  16:16  Photon Cannon  
  200  16:17  Photon Cannon  
  196  16:19  Stalker  
  196  16:20  Stalker  
  196  16:21  Photon Cannon  
  196  16:40  Stalker x2  
  200  17:07  Gateway  
  200  17:12  Gateway  
  200  17:15  Assimilator  
  200  17:17  Gateway  
  200  17:18  Assimilator  
  200  17:22  Dark Shrine  
Show
View Real Time Build Order
Export as new Build Order

RedSlayer Terran 

Build Orders:  

Get SALT Encoding   

  12  0:01  SCV  
  13  0:13  SCV  
  14  0:21  Supply Depot  
  14  0:25  SCV  
  15  0:43  SCV, Barracks  
  16  0:55  SCV, Refinery  
  17  1:07  SCV  
  17  1:10  Supply Depot  
  18  1:19  SCV  
  19  1:31  SCV  
  20  1:46  Barracks Reactor, Barracks  
  20  1:47  SCV  
  21  1:59  SCV  
  22  2:11  SCV  
  23  2:18  Command Center  
  23  2:32  SCV  
  23  2:33  Marine x2  
  23  2:36  Barracks Tech Lab  
  26  2:47  Factory  
  26  2:57  Marauder  
  28  3:05  Supply Depot  
  28  3:06  Refinery  
  28  3:09  Marine x2  
  30  3:14  Supply Depot  
  30  3:19  SCV  
  31  3:31  Starport  
  31  3:37  Factory Tech Lab  
  31  3:39  Marauder  
  33  3:44  SCV  
  33  3:45  SCV  
  35  3:57  Marine  
  35  3:59  Supply Depot  
  35  4:01  Marauder  
  38  4:13  Engineering Bay  
  38  4:15  SCV  
  40  4:17  SCV  
  40  4:21  Starport Reactor  
  40  4:27  Marauder  
  30  4:43  SCV x2  
  32  4:55  SCV, Missile Turret  
  33  5:08  SCV x2  
  35  5:15  Medivac  
  37  5:24  Marine  
  37  5:25  Marauder, Marine  
  37  5:27  SCV x2  
  40  5:42  Marine  
  35  5:52  Marine  
  36  6:01  SCV x2  
  38  6:14  Liberator  
  38  6:26  Marauder, Marine x2  
  44  6:37  SCV  
  45  6:40  SCV, Liberator  
  45  6:43  Marine  
  47  6:51  Marine  
  47  6:52  Marine  
  49  7:00  SCV  
  53  7:17  SCV x2  
  53  7:22  Supply Depot  
  55  7:29  SCV x2  
  57  7:30  Missile Turret  
  57  7:35  Terran Infantry Weapons Level 1  
  57  7:41  SCV  
  59  7:47  Orbital Command  
  58  7:53  SCV, Marine  
  58  7:54  Marine  
  61  8:02  Marauder  
  63  8:05  SCV  
  63  8:07  Medivac  
  66  8:14  Supply Depot  
  66  8:16  SCV  
  66  8:17  SCV  
  68  8:24  Marauder  
  70  8:28  SCV  
  70  8:30  SCV  
  70  8:33  Liberator  
  72  8:36  Supply Depot  
  72  8:40  SCV  
  73  8:45  Barracks, Marauder  
  75  8:53  Marine  
  78  8:57  Liberator  
  78  9:07  Marine, Marauder  
  81  9:11  Marine  
  85  9:18  SCV x2  
  87  9:28  Marauder  
  87  9:30  SCV  
  90  9:34  SCV  
  90  9:35  Barracks  
  91  9:40  Supply Depot  
  91  9:42  SCV  
  92  9:46  SCV  
  93  9:54  SCV  
  93  9:55  Refinery  
  93  9:58  Supply Depot  
  94  10:01  SCV  
  94  10:02  Marauder  
  94  10:04  Barracks Reactor  
  94  10:06  SCV  
  98  10:07  Refinery  
  98  10:09  Marine  
  98  10:12  Marine  
  100  10:21  SCV  
  100  10:22  Supply Depot, SCV  
  100  10:23  Marauder  
  100  10:27  Marine  
  105  10:31  Barracks Tech Lab  
  105  10:44  Marauder  
  107  10:54  SCV  
  107  10:55  Marine x4  
  107  10:56  Marine  
  113  11:01  Command Center  
  111  11:04  Liberator  
  111  11:06  Marauder  
  113  11:13  Marine x5  
  116  11:27  Marauder  
  116  11:28  Liberator  
  118  11:43  Marine x2  
  118  11:44  Marine x3  
  105  11:48  Liberator  
  105  11:49  Marauder  
  85  12:01  Marine, Marauder  
  85  12:02  Marine x3  
  92  12:10  Marauder  
  92  12:11  Liberator  
  93  12:19  Marine x3  
  93  12:20  Marine  
  99  12:22  Marauder  
  102  12:31  Marauder, Liberator  
  104  12:37  Marine x3  
  104  12:38  Marine  
  104  12:44  Marauder  
  113  12:52  Missile Turret  
  113  12:53  Marauder  
  113  12:54  Liberator  
  113  12:55  Marine x3  
  113  12:56  Marine  
  118  13:05  Marauder  
  123  13:14  Marauder  
  125  13:21  Marine x3  
  125  13:22  Marine  
  125  13:27  Marauder  
  131  13:31  Supply Depot  
  131  13:33  Medivac  
  133  13:35  Supply Depot  
  133  13:40  Marine x3  
  133  13:43  Marauder  
  133  13:48  Marauder  
  112  14:01  Marine  
  112  14:02  Marine x3  
  71  14:04  Marauder  
  71  14:09  Marauder  
  59  14:19  Marine x2  
  59  14:20  Marine x2  
  63  14:25  Marauder  
  63  14:31  Marauder  
  67  14:37  Marine x3  
  67  14:38  Marine  
  71  14:47  Marauder  
  71  14:52  Marine  
  74  14:55  Marine x4  
  74  14:58  Siege Tank  
  81  15:08  Marine  
  81  15:09  Marine  
  81  15:13  Marine x3  
  86  15:23  Marine  
  86  15:26  Marauder  
  86  15:28  Marauder  
  91  15:30  Marine  
  92  15:42  Marine x2  
  92  15:47  Marauder  
  92  15:49  Marauder  
  98  15:53  Marine x2  
  100  16:00  Marine x2  
  102  16:09  Marauder  
  102  16:10  Marauder  
  104  16:16  Marine x2  
  104  16:18  Marine  
  98  16:24  Marine  
  100  16:30  Marauder  
  100  16:32  Marauder  
  104  16:34  Marine x2  
  104  16:39  Marine  
  104  16:52  Marauder  
  106  17:00  Medivac  
  105  17:11  Medivac  
  110  17:27  Marine  
Tags
 
Add a new tag
Caveats
  • Supply blocks, unpowered buildings, or Contaminate may cause inaccurate times.
  • Supply counts are checked every 10 seconds.